 Dungeon Crawl Stone Soup version 0.30-a0-996-ga6910c8ee8 (webtiles) character file.

Game seed: 18166174098544240822

248 Firecrotchwizard the Ruffian (level 5, 0/45 HPs)
             Began as a Draconian Transmuter on Apr 5, 2023.
             Slain by Pikel
             ... wielding a +2 whip of freezing
              (8 damage)
             ... on level 4 of the Dungeon.
             The game lasted 00:10:33 (2932 turns).

Firecrotchwizard the Ruffian (Draconian Transmuter) Turns: 2932, Time: 00:10:33

Health: 0/45       AC:  5    Str: 14    XL:     5   Next: 86%
Magic:  8/8        EV: 12    Int: 13    God:
Gold:   159        SH:  0    Dex: 12    Spells: 7/8 levels left

rFire   . . .      SeeInvis .      - Unarmed
rCold   . . .      Faith    .    (no shield)
rNeg    . . .      Spirit   .    (body armour unavailable)
rPois   .          Reflect  .    (helmet restricted)
rElec   .          Rampage  .    (no cloak)
rCorr   .                        (no gloves)
Will    .....                    (no boots)
Stlth   +                        (no amulet)
HPRegen 0.27/turn                (no ring)
MPRegen 0.11/turn                (no ring)

@: slowed, very slow
A: AC +5, unfitting armour, cold-blooded
a: no special abilities


You were on level 4 of the Dungeon.
You visited 1 branch of the dungeon, and saw 6 of its levels.

You collected 159 gold pieces.

Inventory:

Missiles
 p - a throwing net {@!f}
Scrolls
 b - 3 scrolls of identify {unknown}
 d - 2 scrolls of magic mapping {unknown}
 e - 2 scrolls of amnesia {unknown}
 g - a scroll of blinking {unknown}
 h - a scroll of enchant armour {unknown}
 k - a scroll of noise {unknown}
 l - a scroll of fog {unknown}
 n - 2 scrolls of poison {unknown}
 o - a scroll of acquirement {unknown}
 r - a scroll of vulnerability {unknown}
 s - a scroll of brand weapon {unknown}
Potions
 a - a potion of lignification
 c - a potion of haste {unknown}
 f - 2 potions of ambrosia {unknown}
 i - a potion of attraction {unknown}
 j - 2 potions of mutation {unknown}
 m - a potion of magic {unknown}
 q - a potion of curing {unknown}


   Skills:
 + Level 3.2 Fighting
 - Level 1.7 Dodging
 * Level 5.1 Unarmed Combat
 - Level 2.0 Spellcasting
 + Level 3.5 Transmutations


You had 7 spell levels left.
You knew the following spells:

 Your Spells              Type           Power      Damage    Failure   Level
a - Beastly Appendage     Tmut           20%        N/A       6%          1

Your spell library contained the following spells:

 Spells                   Type           Power      Damage    Failure   Level
 Wereblood                Tmut           10%        N/A       9%          2
 Spider Form              Tmut/Pois      5%         N/A       36%         3
 Ice Form                 Ice/Tmut       5%         N/A       77%         4


Dungeon Overview and Level Annotations

Branches:
Dungeon (6/15)
 Temple: D:4-7

Altars:
Uskayaw

Shops:
D:2 (

Annotations:
D:2 1 runed translucent door, Crazy Yiuf
D:4 1 runed translucent door, Pikel; puppykicker's ghost, amateur BaHs


Innate Abilities, Weirdness & Mutations

Your plain brown scales are hard. (AC +5)
You cannot fit into any form of body armour.
You are cold-blooded and may be slowed by cold attacks.


Message History

You hit the lemure.
You kill the lemure!
That felt strangely unrewarding.
You start resting.
Your transformation is almost over.
You feel less wooden.
You start resting.
HP restored.
Found a runed translucent door.
The adder hisses angrily.
An orc comes into view. It is wielding a +0 morningstar.
An orc is nearby!
An orc is nearby!
Casting: Beastly Appendage (safe; 6% risk of failure)
Confirm with . or Enter, or press ? or * to list all spells.
You grow a pair of large bovine horns.
Your feet morph into talons.
You hit the orc but do no damage. You headbutt the orc!
You kill the orc!
Things that are here:
a +0 morningstar; a +0 leather armour Your transformation is almost over.
Casting: Beastly Appendage (safe; 6% risk of failure)
Confirm with . or Enter, or press ? or * to list all spells.
You extend your transformation's duration.
Found a stone staircase leading up.
Your transformation is almost over.
A jackal comes into view.
Found a puce potion.
Found an escape hatch in the ceiling.
Pikel shouts!
The jackal barks!
Casting: Beastly Appendage (safe; 6% risk of failure)
Confirm with . or Enter, or press ? or * to list all spells.
You extend your transformation's duration.
You hit Pikel but do no damage. Your headbutt misses Pikel.
A jackal comes into view.
Pikel hits you with a +2 whip of freezing.
Pikel freezes you.
The jackal barks!
You hit Pikel but do no damage.
Pikel hits you with a +2 whip of freezing.
You feel yourself slow down. Pikel freezes you.
You barely miss Pikel. You claw Pikel, but do no damage.
Your headbutt misses Pikel.
Pikel hits you with a +2 whip of freezing.
You feel as though you will be slow longer.
Pikel freezes you.
The jackal bites you but does no damage.
The jackal barely misses you. Pikel barely misses you.
The jackal attacks as you move away!
The jackal bites you but does no damage.
The jackal misses you.
You feel yourself speed up. The jackal misses you.
Pikel hits you with a +2 whip of freezing.
You feel yourself slow down. Pikel freezes you.
* * * LOW HITPOINT WARNING * * *
Your transformation is almost over.
You feel yourself speed up. The jackal barely misses you.
You closely miss the jackal.
The jackal bites you but does no damage.
The jackal barely misses you.
Puppykicker's ghost screams, "You will never get the ORB!"
You hit the jackal.
You kill the jackal!
You hit the jackal. Your kick misses the jackal.
The jackal is severely wounded.
The jackal misses you. The jackal closely misses you.
You closely miss the jackal. You claw the jackal.
You kill the jackal!
You barely miss Pikel. Pikel closely misses you.
You hit Pikel. Your kick misses Pikel. You tail-slap Pikel, but do no damage.
Pikel is lightly wounded.
Pikel hits you with a +2 whip of freezing.
* * * LOW HITPOINT WARNING * * *
Pikel freezes you.
* * * LOW HITPOINT WARNING * * *
You hit Pikel but do no damage. Your kick misses Pikel.
Pikel is lightly wounded.
Pikel closely misses you.
Unknown command.
You closely miss Pikel. You claw Pikel, but do no damage. You headbutt Pikel.
You punch Pikel, but do no damage.
Pikel is moderately wounded.
Pikel hits you but does no damage.
You barely miss Pikel. Your kick misses Pikel.
Pikel is moderately wounded.
Pikel says, "Hell isn't that bad."
Pikel hits you with a +2 whip of freezing!
* * * LOW HITPOINT WARNING * * *
You feel yourself slow down. Pikel freezes you.
* * * LOW HITPOINT WARNING * * *
You hit Pikel but do no damage. You claw Pikel.
Pikel is heavily wounded.
Your horns disappear.
Your talons disappear.
Pikel hits you with a +2 whip of freezing!
You die...

#............ ~#
#.#......[..# ~#
#.####.###### W###.#
#.# #. S###.# #.# ##.#
+#.#.# #.# #...# ...#.#
#.# ..... ##.# #.# #[#
....! #@.# #.# #.#
#..#####K####.# #.#
##.#.#...........####.#
#................)....#
.......################
....... ......# .<..<.
......


You could see Pikel, puppykicker's ghost and an adder.

Vanquished Creatures
  4 lemures (D:4)
  A scorpion (D:5)
  Terence (D:2)
  An iguana (D:4)
  A gnoll (D:1)
  7 adders
  A shadow imp (D:5)
  A white imp (D:6)
  2 dart slugs (D:2)
  2 orcs (D:4)
  A bat (D:1)
  9 endoplasms
  3 giant cockroaches
  4 goblins
  2 hobgoblins (D:2)
  2 jackals (D:4)
  3 kobolds (D:2)
  2 quokkas (D:2)
  3 ball pythons
  2 frilled lizards (D:1)
  5 rats
57 creatures vanquished.

Notes
Turn   | Place    | Note
-------+----------+-------------------------------------------
     0 | D:1      | Firecrotchwizard the Draconian Transmuter began the quest
                  | for the Orb.
     0 | D:1      | Reached XP level 1. HP: 16/16 MP: 3/3
   258 | D:1      | Reached XP level 2. HP: 23/23 MP: 3/5
   667 | D:1      | Reached XP level 3. HP: 28/29 MP: 6/6
   751 | D:2      | Found Xemog's Weapon Shop.
   823 | D:2      | Found a runed translucent door.
   824 | D:2      | Noticed Crazy Yiuf
  1093 | D:2      | Reached skill level 4 in Unarmed Combat
  1158 | D:2      | Reached XP level 4. HP: 36/36 MP: 7/7
  1403 | D:2      | Noticed Terence
  1413 | D:2      | Killed Terence
  1590 | D:2      | Found a faded altar of an unknown god.
  1966 | D:3      | You fall into a shaft and drop 3 floors!
  2063 | D:5      | Entered Level 5 of the Dungeon
  2186 | D:5      | Reached XP level 5. HP: 27/42 MP: 6/8
  2276 | D:5      | Found a hide-covered altar of Uskayaw.
  2385 | D:5      | Reached skill level 5 in Unarmed Combat
  2666 | D:4      | Noticed Pikel
  2666 | D:4      | Noticed a lemure
  2666 | D:4      | Noticed a lemure
  2666 | D:4      | Noticed a lemure
  2666 | D:4      | Noticed a lemure
  2677 | D:4      | Killed a lemure
  2686 | D:4      | Killed a lemure
  2701 | D:4      | Killed a lemure
  2706 | D:4      | Killed a lemure
  2886 | D:4      | Found a runed translucent door.
  2887 | D:4      | Noticed puppykicker's ghost (amateur BaHs)
  2932 | D:4      | Slain by Pikel

Illustrated notes

Levels and vault maps discovered:
D:1:      sevenhm_arrival_forest_fort_small_5, layout_loops_cross,
          hangedman_glass_teeth, hangedman_abyss_or_decor_lesser_grid,
          corexii_item_surrounded_by_moat, serial_park_tiny_pond,
          minmay_tiny_reverse_x
D:2:      layout_basic, serial_shops, shop_statue,
          hellmonk_ecumenical_altar_inner_sanctum, uniq_terence,
          uniq_crazy_yiuf_cottage
D:3:      layout_basic, serial_corexii_hall, corexii_hall_statues_deadend,
          corexii_hall_statues_u, nicolae_eternal_life, minivault_25,
          roderic_roman_lattice
D:4:      layout_loops_ring, grunt_temple_overflow_open, temple_hall,
          ebering_ghost_sewer_d, uniq_sigmund, uniq_pikel
D:5:      layout_basic, lemuel_coloured_pillars_altar
D:6:      layout_basic, minmay_shop_mass, uniq_blork_the_orc

Skill      XL: |  1  2  3  4  5 |
---------------+----------------+-----
Fighting       | 2 3 |  3.2
Unarmed Combat | 4 5 |  5.1
Transmutations | 3 |  3.5
Dodging        | |  1.7
Spellcasting   | |  2.0

Action                     |  1- 3 |  4- 6 || total
---------------------------+-------+-------++-------
  Melee: Unarmed           |   123 |   131 ||   254
         Tailslap          |    13 |    13 ||    26
         Kick              |     8 |    27 ||    35
         Headbutt          |     3 |    13 ||    16
         Punch             |     4 |    10 ||    14
   Cast: Beastly Appendage |    13 |    17 ||    30
    Use: Potion            |       |     1 ||     1
   Stab: Sleeping          |     2 |       ||     2
 Armour: Skin              |    31 |    24 ||    55
  Dodge: Dodged            |    63 |    67 ||   130

Table legend: (Time is in decaauts)
 A = Elapsed time spent in this place.
 B = Non-inter-level travel time spent in this place.
 C = Inter-level travel time spent in this place.
 D = Time resting spent in this place.
 E = Time spent auto-exploring this place.
 F = Levels seen in this place.
 G = Mean time per level.
                   A        B        C        D        E       F      G
               +--------+--------+--------+--------+--------+-----+--------+
         Total |   2926 |   2905 |     21 |    458 |   1848 |   6 |  487.7 |
       Dungeon |   2926 |   2905 |     21 |    458 |   1848 |   6 |  487.7 |
               +--------+--------+--------+--------+--------+-----+--------+

Top non-repeatable levels by time:
     D:2: 1172 daAuts
     D:1: 750 daAuts
     D:5: 446 daAuts
     D:4: 416 daAuts
     D:6: 96 daAuts
     D:3: 43 daAuts
